[Event "Titled Tuesday Blitz April 11 Early 2023"]
[White "Ashraf, Artin"]
[Black "Svane, Rasmus"]
[WhiteFideId "22514805"]
[BlackFideId "4657101"]
[WhiteElo "2188"]
[BlackElo "2597"]
[Result "1-0"]
[Round "09"]
[TimeControl "180+2"]
[Date "2023.04.11"]
[WhiteClock "0:00:05"]
[BlackClock "0:00:01"]

1. Nf3 d5 2. g3 Nd7 3. d4 Nb6 4. a4 a5 5. b3 Bf5 6. Ba3 Nf6 7. Bg2 h6 8. O-O e6 9. Bxf8 Kxf8 10. Ne5 Qd6 11. c4 Qe7 12. Nc3 c6 13. cxd5 exd5 14. f3 Rd8 15. Qd2 Qb4 16. g4 Be6 17. e3 g6 18. h4 Kg7 19. Rfc1 Rhe8 20. Bf1 Nfd7 21. Nd3 Qe7 22. Qf2 f5 23. gxf5 Bxf5 24. Re1 Rf8 25. Nf4 Nf6 26. Ra2 g5 27. Qg3 Kf7 28. hxg5 hxg5 29. Nh3 g4 30. Ng5+ Ke8 31. e4 dxe4 32. fxg4 Bg6 33. Ngxe4 Nxe4 34. Rae2 Rxd4 35. Nxe4 Rxe4 36. Rxe4 Bxe4 37. Qe3 Nd5 38. Qxe4 Qxe4 39. Rxe4+ Kd7 40. g5 Rg8 41. Rg4 Ke6 42. Bd3 Ke5 43. g6 Nf4 44. Bc2 Ne2+ 45. Kf2 Nd4 46. Bd1 c5 47. Ke3 Kf5 48. Kd3 Nc6 49. Rg1 Ne5+ 50. Kc3 Kf6 51. Bc2 b6 52. Rf1+ Ke6 53. Re1 Rh8 54. Rg1 Kf6 55. Rf1+ Ke7 56. Re1 Rh5 57. Rg1 Kf8 58. g7+ Kg8 59. Be4 Nf7 60. Kc4 Ng5 61. Bd5+ Kxg7 62. Kb5 Kf6 63. Kxb6 Nh3 64. Rf1+ Ke5 65. Bc4 Nf4 66. Kxa5 Rh3 67. Kb6 Ke4 68. a5 Nd3 69. a6 Rh6+ 70. Ka5 Nb4 71. Rd1 Nc6+ 72. Kb5 Nd4+ 73. Kxc5 Nxb3+ 74. Kb4 Nd4 75. Re1+ Kf4 76. Kc5 Nc6 77. Re6 Rxe6 78. Bxe6 1-0


[Site "https://www.chess.com"]

[Event "Titled Tuesday Blitz April 11 Early 2023"]
[White "Aravindh, Chithambaram VR."]
[Black "Kramnik, Vladimir"]
[WhiteFideId "5072786"]
[BlackFideId "4101588"]
[WhiteElo "2596"]
[BlackElo "2712"]
[Result "1-0"]
[Round "09"]
[TimeControl "180+2"]
[Date "2023.04.11"]
[WhiteClock "0:00:04"]
[BlackClock "0:00:03"]

1. c4 c5 2. g3 g6 3. Bg2 Bg7 4. Nc3 Nc6 5. d3 Nf6 6. Nf3 d5 7. cxd5 Nxd5 8. Bd2 O-O 9. O-O e6 10. h4 b6 11. h5 Bb7 12. h6 Nxc3 13. bxc3 Bf6 14. Qa4 Ne7 15. Rfd1 Bc6 16. Qg4 Qd7 17. Rac1 Rad8 18. Bg5 Bxf3 19. Bxf3 Bxg5 20. Qxg5 f6 21. Qg4 Nf5 22. Qh3 Kf7 23. e4 Nd6 24. d4 Qc7 25. d5 Qe7 26. Bg4 exd5 27. exd5 f5 28. Bf3 Rde8 29. Kg2 Qg5 30. Re1 Rxe1 31. Rxe1 Re8 32. Qh1 Re7 33. a4 Qf6 34. Rxe7+ Qxe7 35. Qc1 g5 36. Bh5+ Kf6 37. Qd2 g4 38. c4 Qe4+ 39. Kg1 Qd4 40. Qe2 Ne4 41. Be8 Qd2 42. Qxd2 Nxd2 43. d6 Ne4 44. d7 Ke7 45. Bg6 Nf6 46. Bxf5 Ng8 47. Bxg4 Nxh6 48. Be6 a6 49. g4 b5 50. cxb5 axb5 51. axb5 c4 52. Bxc4 Kxd7 53. g5 Ng4 54. f4 Ne3 55. Bb3 Kc7 56. Kf2 Nf5 57. Bc2 Nd4 58. Bxh7 Nxb5 59. g6 Nc3 60. g7 1-0


[Site "https://www.chess.com"]

[Event "Titled Tuesday Blitz April 11 Early 2023"]
[White "Xiong, Jeffery"]
[Black "Urazayev, Arystanbek"]
[WhiteFideId "2047640"]
[BlackFideId "13709810"]
[WhiteElo "2726"]
[BlackElo "2449"]
[Result "1-0"]
[Round "09"]
[TimeControl "180+2"]
[Date "2023.04.11"]
[WhiteClock "0:00:43"]
[BlackClock "0:00:02"]

1. e4 c6 2. Nf3 d5 3. d3 dxe4 4. dxe4 Qxd1+ 5. Kxd1 Nd7 6. Nd4 e5 7. Nb3 Nc5 8. f3 Be6 9. Be3 Na4 10. Kc1 O-O-O 11. N1d2 b5 12. Bxa7 g6 13. Be3 f5 14. c4 b4 15. c5 Kc7 16. a3 Rb8 17. Bc4 Bxc4 18. Nxc4 bxa3 19. Rxa3 Rb4 20. Nxe5 Bh6 21. Bxh6 Nxh6 22. exf5 Nxf5 23. Rd1 Re8 24. Nd3 Rc4+ 25. Kb1 Re2 26. Rd2 Re3 27. Rc2 Nc3+ 28. bxc3 Rxd3 29. Ra7+ Kc8 30. Rxh7 Rdxc3 31. Rxc3 Rxc3 32. Kb2 Re3 33. g4 Re2+ 34. Kc3 Ne7 35. Nd4 Nd5+ 36. Kc4 Re3 37. Nxc6 Nf4 38. Rf7 Rxf3 39. Ne7+ Kd8 40. Nxg6 Nxg6 41. Rxf3 Ne5+ 42. Kd5 Nxf3 43. h3 Ke7 44. c6 Nh4 45. Ke5 Nf3+ 46. Ke4 Nh4 47. Kd5 Nf3 48. Kc5 Kd8 49. Kd6 Ng5 50. h4 Ne4+ 51. Ke6 Kc7 52. g5 1-0


[Site "https://www.chess.com"]

[Event "Titled Tuesday Blitz April 11 Early 2023"]
[White "Grigoriants, Sergey"]
[Black "Timofeev, Artyom"]
[WhiteFideId "4130804"]
[BlackFideId "4140419"]
[WhiteElo "2502"]
[BlackElo "2586"]
[Result "1/2-1/2"]
[Round "09"]
[TimeControl "180+2"]
[Date "2023.04.11"]
[WhiteClock "0:02:03"]
[BlackClock "0:02:21"]

1. d4 d5 2. c4 e6 3. Nc3 c6 4. e3 Nf6 5. Nf3 Nbd7 6. Qc2 Bd6 7. Bd3 O-O 8. O-O dxc4 9. Bxc4 c5 10. Rd1 a6 11. dxc5 Bxc5 12. Ne4 Nxe4 13. Qxe4 Nf6 14. Rxd8 Nxe4 15. Rxf8+ Kxf8 16. Bd3 Nf6 17. Bd2 b6 1/2-1/2


[Site "https://www.chess.com"]

[Event "Titled Tuesday Blitz April 11 Early 2023"]
[White "Flores, Diego"]
[Black "Terry, Renato"]
[WhiteFideId "108049"]
[BlackFideId "3803457"]
[WhiteElo "2613"]
[BlackElo "2575"]
[Result "0-1"]
[Round "09"]
[TimeControl "180+2"]
[Date "2023.04.11"]
[WhiteClock "0:00:07"]
[BlackClock "0:00:14"]

1. d4 e6 2. c4 Bb4+ 3. Bd2 Qe7 4. Nf3 Nf6 5. g3 Nc6 6. Bg2 Bxd2+ 7. Nbxd2 d6 8. O-O O-O 9. e4 e5 10. d5 Nb8 11. Ne1 a5 12. Nd3 Na6 13. Qe2 Bd7 14. h3 b5 15. Rac1 bxc4 16. Nxc4 Bb5 17. Qd2 a4 18. Na3 Bxd3 19. Qxd3 Nc5 20. Qe2 Rab8 21. Nc4 Ra8 22. Rc3 Rfb8 23. Kh2 Rb4 24. Rfc1 Rab8 25. R1c2 Qd7 26. f3 Qe8 27. Na5 Qb5 28. Nc4 Nfd7 29. h4 f6 30. Qf2 Nb6 31. Na3 Qa5 32. Bh3 Rd4 33. h5 g6 34. Qe3 Kg7 35. h6+ Kf7 36. Be6+ Ke7 37. Nb1 Qb5 38. Nd2 Rb7 39. f4 Rd3 40. Qf2 Rxd2 41. Qxd2 Qb4 42. Qe3 Nxe6 43. dxe6 c5 44. fxe5 fxe5 45. Qg5+ Kxe6 46. Rf3 Qxe4 47. Qf6+ Kd7 48. Rd2 Nc4 49. Rdf2 Ne3 50. Qf8 Ng4+ 51. Kh3 Nxf2+ 52. Rxf2 Qh1+ 53. Rh2 Qe4 54. Rd2 Qf5+ 55. Qxf5+ gxf5 56. Kh4 Ke6 57. Kg5 Rb4 0-1


[Site "https://www.chess.com"]

[Event "Titled Tuesday Blitz April 11 Early 2023"]
[White "Goltsev, Dmitry"]
[Black "Kollars, Dmitrij"]
[WhiteFideId "24176710"]
[BlackFideId "12909572"]
[WhiteElo "2336"]
[BlackElo "2584"]
[Result "0-1"]
[Round "09"]
[TimeControl "180+2"]
[Date "2023.04.11"]
[WhiteClock "0:01:12"]
[BlackClock "0:01:09"]

1. e4 e5 2. Nf3 Nc6 3. Bb5 a6 4. Ba4 Nf6 5. O-O Bc5 6. Nxe5 Nxe5 7. d4 b5 8. Bb3 Bxd4 9. Qxd4 d6 10. c3 c5 11. Qd1 Bb7 12. f3 O-O 13. Bg5 h6 14. Bh4 Ng6 15. Bg3 c4 16. Bc2 d5 17. exd5 Nxd5 18. Bxg6 fxg6 19. Qc1 Qb6+ 20. Bf2 Qc6 21. Bg3 Rae8 22. Nd2 Re2 23. Ne4 Ne3 24. Rf2 Rxf2 25. Bxf2 Nxg2 26. Kxg2 Rxf3 27. Qe1 Rf4 28. Kf1 Rxe4 29. Qd2 Re8 30. Bg1 Qf3+ 0-1


[Site "https://www.chess.com"]

[Event "Titled Tuesday Blitz April 11 Early 2023"]
[White "Zemlyanskii, Ivan"]
[Black "Makarian, Rudik"]
[WhiteFideId "24249971"]
[BlackFideId "44105681"]
[WhiteElo "2419"]
[BlackElo "2430"]
[Result "1-0"]
[Round "09"]
[TimeControl "180+2"]
[Date "2023.04.11"]
[WhiteClock "0:00:13"]
[BlackClock "0:00:05"]

1. d4 Nf6 2. c4 e6 3. Bf4 d5 4. Nc3 Be7 5. e3 O-O 6. Nf3 Nbd7 7. cxd5 Nxd5 8. Bg3 Nxc3 9. bxc3 b6 10. Bd3 Bb7 11. O-O c5 12. a4 a5 13. Qb1 h6 14. Ne5 Nxe5 15. Bxe5 cxd4 16. cxd4 Rc8 17. Qb3 Bb4 18. Rfc1 Qe7 19. h3 Bd5 20. Qd1 Ba3 21. Rxc8 Rxc8 22. Qg4 f5 23. Qg6 Bb4 24. g4 Qf7 25. gxf5 exf5 26. Bxf5 Qxg6+ 27. Bxg6 Be6 28. Kg2 Bf7 29. Bf5 Rc6 30. e4 Bg6 31. Bxg6 Rxg6+ 32. Kf3 Kf7 33. d5 Ke7 34. Bd4 Kd7 35. Rc1 h5 36. e5 Rh6 37. Ke4 Rh8 38. e6+ Ke7 39. Rc7+ Kd8 40. Rd7+ Kc8 41. Rxg7 b5 42. axb5 a4 43. Ra7 Re8 44. Rxa4 Rxe6+ 45. dxe6 Bc5 1-0


[Site "https://www.chess.com"]

[Event "Titled Tuesday Blitz April 11 Early 2023"]
[White "Srihari L R"]
[Black "Eljanov, Pavel"]
[WhiteFideId "46617116"]
[BlackFideId "14102951"]
[WhiteElo "2334"]
[BlackElo "2598"]
[Result "0-1"]
[Round "09"]
[TimeControl "180+2"]
[Date "2023.04.11"]
[WhiteClock "0:00:02"]
[BlackClock "0:01:08"]

1. c4 Nf6 2. Nc3 e5 3. Nf3 Nc6 4. e3 Bb4 5. Qc2 Bxc3 6. bxc3 O-O 7. d4 d6 8. Be2 Re8 9. a4 b6 10. Ba3 Ba6 11. Rd1 e4 12. Nd2 Na5 13. Bb4 Nb7 14. g4 c5 15. Ba3 Qe7 16. h4 Na5 17. g5 Nd7 18. Rg1 Rac8 19. Rg4 f5 20. gxf6 Nxf6 21. Rg2 Qf7 22. d5 Re5 23. Rg5 Rce8 24. Qa2 h6 25. Rg2 Bc8 26. Nb3 Bh3 27. Rg3 Qd7 28. Nxa5 bxa5 29. Qb3 Bg4 30. Bxg4 Nxg4 31. Qb5 Qf5 32. Rd2 Rf8 33. Qb7 Kh7 34. Re2 Rf7 35. Qb2 Nh2 36. Qb8 Nf3+ 37. Kd1 Nxh4 38. Qxd6 Qh5 39. Bxc5 Rxf2 40. Qxe5 Qxe2+ 0-1


[Site "https://www.chess.com"]

[Event "Titled Tuesday Blitz April 11 Early 2023"]
[White "Rohith Krishna S"]
[Black "Corrales Jimenez, Fidel"]
[WhiteFideId "46617051"]
[BlackFideId "3506690"]
[WhiteElo "2270"]
[BlackElo "2541"]
[Result "1-0"]
[Round "09"]
[TimeControl "180+2"]
[Date "2023.04.11"]
[WhiteClock "0:00:15"]
[BlackClock "0:00:02"]

1. d4 Nf6 2. c4 g6 3. Nc3 d5 4. cxd5 Nxd5 5. e4 Nxc3 6. bxc3 Bg7 7. Nf3 c5 8. Bb5+ Nc6 9. O-O O-O 10. Be3 Qa5 11. Bxc6 bxc6 12. e5 Ba6 13. Re1 Bc4 14. Nd2 Qa6 15. Nxc4 Qxc4 16. Qb3 Qa6 17. e6 f5 18. dxc5 Rab8 19. Qc2 Qc4 20. Rad1 Qxc3 21. Qa4 Rb5 22. Qxa7 Qf6 23. Bd4 Qh4 24. g3 Qg5 25. h4 Qh6 26. Qxe7 f4 27. Bxg7 Qxg7 28. Qd6 fxg3 29. fxg3 Qc3 30. e7 Re8 31. Qe6+ Kg7 32. Re3 Qxc5 33. Rf1 Kh6 34. Kh2 Rb2+ 35. Kh3 Qc2 36. Qf6 Qg2+ 37. Kg4 Rb4+ 38. Rf4 c5 39. Qf8+ Rxf8 40. exf8=Q# 1-0


[Site "https://www.chess.com"]

[Event "Titled Tuesday Blitz April 11 Early 2023"]
[White "Borgaonkar Akshay"]
[Black "Movahed, Sina"]
[WhiteFideId "25639110"]
[BlackFideId "42520835"]
[WhiteElo "2063"]
[BlackElo "2225"]
[Result "0-1"]
[Round "09"]
[TimeControl "180+2"]
[Date "2023.04.11"]
[WhiteClock "0:00:14"]
[BlackClock "0:00:33"]

1. e4 c5 2. Nf3 d6 3. d4 cxd4 4. Nxd4 Nf6 5. Nc3 a6 6. h3 g6 7. Be3 b5 8. a3 Bb7 9. Bd3 Nbd7 10. Qd2 Rc8 11. O-O Bg7 12. Rae1 O-O 13. Bh6 Qb6 14. Bxg7 Kxg7 15. Nb3 Rfd8 16. Kh1 Nc5 17. f4 Nxb3 18. cxb3 Qd4 19. b4 d5 20. Qe2 dxe4 21. Bxe4 Rxc3 22. Bxb7 Rd3 23. Qxe7 Rd7 24. Qc5 Qxc5 25. bxc5 Rxb7 26. Rc1 Rb3 27. Rc2 Rc7 28. Rd1 Rc6 29. Rd6 Rxd6 30. cxd6 Rd3 31. Rc6 Ne4 32. Rxa6 Rxd6 33. Ra5 Rd5 34. a4 Rd1+ 35. Kh2 bxa4 36. Rxa4 Nf6 37. Rc4 Rb1 38. Rc2 Nd5 39. Rf2 Ne3 40. Rf3 Nf1+ 0-1


[Site "https://www.chess.com"]

[Event "Titled Tuesday Blitz April 11 Early 2023"]
[White "So, Wesley"]
[Black "Vysochin, Spartak"]
[WhiteFideId "5202213"]
[BlackFideId "14103516"]
[WhiteElo "2749"]
[BlackElo "2367"]
[Result "1-0"]
[Round "09"]
[TimeControl "180+2"]
[Date "2023.04.11"]
[WhiteClock "0:00:10"]
[BlackClock "0:00:05"]

1. c4 e5 2. Nc3 Bb4 3. Nf3 Bxc3 4. dxc3 d6 5. e4 b6 6. Bd3 Ne7 7. a4 a5 8. Nd2 O-O 9. Nf1 Nd7 10. Ne3 Nc5 11. Bc2 f5 12. exf5 Nxf5 13. Nd5 Nh4 14. Ne3 Qg5 15. Qd5+ Be6 16. Qc6 Bd7 17. Qd5+ Be6 18. Qc6 e4 19. Bxe4 Qf4 20. f3 Nb3 21. g3 Nxf3+ 22. Ke2 Ng1+ 23. Kd1 Qg4+ 24. Nxg4 Bxg4+ 25. Kc2 Nxa1+ 26. Kb1 Nb3 27. Rxg1 Nc5 28. Qxa8 Rxa8 29. Bxa8 Bf5+ 30. Ka2 Bc2 31. Bd5+ Kf8 32. Rf1+ Ke8 33. Bc6+ Ke7 34. Bg5+ Ke6 35. b4 Nd3 36. Bd5+ Ke5 37. Rf7 axb4 38. cxb4 Nxb4+ 39. Kb2 Bxa4 40. Rxc7 Kd4 41. Rxg7 b5 42. Bf6+ Kd3 43. Bg8 bxc4 44. Bxh7+ Ke2 45. h4 Nd3+ 46. Bxd3+ Kxd3 47. h5 d5 48. h6 d4 49. h7 c3+ 50. Kc1 Ke2 51. h8=Q d3 52. Qh5+ 1-0


[Site "https://www.chess.com"]

[Event "Titled Tuesday Blitz April 11 Early 2023"]
[White "Rakhmatullaev, Almas"]
[Black "Bacallao Alonso, Yusnel"]
[WhiteFideId "14205793"]
[BlackFideId "3507416"]
[WhiteElo "2221"]
[BlackElo "2561"]
[Result "0-1"]
[Round "09"]
[TimeControl "180+2"]
[Date "2023.04.11"]
[WhiteClock "0:00:04"]
[BlackClock "0:00:06"]

1. e4 c6 2. Nf3 d5 3. d3 g6 4. exd5 cxd5 5. d4 Bg7 6. Bd3 Nc6 7. c3 Nf6 8. O-O Bf5 9. Re1 Bxd3 10. Qxd3 O-O 11. Nbd2 e6 12. Nf1 Ne4 13. Bf4 Rc8 14. Re2 Qb6 15. Ng3 f5 16. Rae1 h6 17. h4 Kh7 18. Nf1 Qd8 19. Bc1 Bf6 20. Qe3 g5 21. hxg5 hxg5 22. N3h2 Qb6 23. g4 Kg6 24. Qd3 Rh8 25. f3 Rh3 26. Re3 Nxd4 27. fxe4 dxe4 28. gxf5+ exf5 29. Qd1 Nf3+ 30. Nxf3 exf3 31. Qb3 Qc6 32. Qe6 g4 33. Qxc6 bxc6 34. Re6 Rch8 35. Bf4 Kf7 36. Ng3 Rh2 37. Rxf6+ Kxf6 38. Be5+ Kg6 39. Bxh8 f2+ 40. Kxh2 fxe1=Q 41. Bd4 f4 42. Nh1 Qe2+ 43. Kg1 g3 44. a4 Kf5 45. Bxa7 Kg4 46. Bf2 Kf3 47. Bxg3 fxg3 48. Nxg3 Qg2# 0-1


[Site "https://www.chess.com"]

[Event "Titled Tuesday Blitz April 11 Early 2023"]
[White "Yuan, Qingyu"]
[Black "Bharath Subramaniyam H"]
[WhiteFideId "8609772"]
[BlackFideId "46634827"]
[WhiteElo "2359"]
[BlackElo "2395"]
[Result "0-1"]
[Round "09"]
[TimeControl "180+2"]
[Date "2023.04.11"]
[WhiteClock "0:00:05"]
[BlackClock "0:00:52"]

1. e4 c5 2. Nf3 Nf6 3. e5 Nd5 4. Nc3 Nxc3 5. dxc3 Nc6 6. Bf4 Qb6 7. b3 Qc7 8. Qd2 e6 9. h4 b6 10. h5 h6 11. Rh3 Bb7 12. Rg3 O-O-O 13. O-O-O Ne7 14. Bd3 Nd5 15. Rg4 Nxf4 16. Qxf4 d5 17. c4 Kb8 18. Rd2 f6 19. Kb1 Re8 20. Re2 f5 21. Rg6 d4 22. g4 fxg4 23. Qxg4 Rg8 24. Rxe6 Be7 25. Be4 Bc8 26. Bf5 Ref8 27. Qg6 Rxf5 28. Qxf5 Qd7 29. Qh7 Qxe6 30. Re4 Rf8 31. Nd2 Rxf2 32. Kc1 Bg5 33. Qxg7 Bxd2+ 34. Kb2 Bc3+ 35. Ka3 Rxc2 36. Qf6 Bb4+ 0-1


[Site "https://www.chess.com"]

[Event "Titled Tuesday Blitz April 11 Early 2023"]
[White "Fishchuk, Vladyslav"]
[Black "Kukhmazov, Arsen"]
[WhiteFideId "34122117"]
[BlackFideId "24108260"]
[WhiteElo "2082"]
[BlackElo "2396"]
[Result "0-1"]
[Round "09"]
[TimeControl "180+2"]
[Date "2023.04.11"]
[WhiteClock "0:00:02"]
[BlackClock "0:00:15"]

1. d4 d5 2. Nc3 c6 3. Bf4 b5 4. e3 e6 5. Nf3 a5 6. Bd3 a4 7. a3 b4 8. axb4 Bxb4 9. O-O a3 10. Nb1 a2 11. Nc3 Bxc3 12. bxc3 Qa5 13. Qd2 Nf6 14. c4 Nbd7 15. c5 Ne4 16. Bxe4 dxe4 17. Qxa5 Rxa5 18. Nd2 Ba6 19. c4 f5 20. Rfc1 e5 21. Bxe5 Nxe5 22. dxe5 Ke7 23. Rc2 Rd8 24. Raxa2 Rxa2 25. Rxa2 Bxc4 26. Rb2 Bb5 27. f4 exf3 28. Nxf3 Rd5 29. Rc2 Bd3 30. Rc3 Be4 31. Nd4 Rxe5 32. Kf2 Kf6 33. h4 h6 34. g3 g5 35. hxg5+ hxg5 36. Rc1 Kg6 37. Rc3 Kf7 38. Rc1 Ke7 39. Rc3 Kd7 40. g4 f4 41. Nf3 Rd5 42. exf4 gxf4 43. g5 Ke6 44. Rc4 Kf5 45. g6 Bxf3 46. Kxf3 Rd3+ 47. Ke2 Re3+ 48. Kf2 Rg3 49. g7 Rxg7 50. Kf3 Rg3+ 51. Kf2 Re3 52. Ra4 Rc3 53. Ra5 Kg4 0-1


[Site "https://www.chess.com"]

[Event "Titled Tuesday Blitz April 11 Early 2023"]
[White "Asis Gargatagli, Hipolito"]
[Black "Iliaguev, Nisim"]
[WhiteFideId "2260735"]
[BlackFideId "2817276"]
[WhiteElo "2557"]
[BlackElo "2241"]
[Result "1-0"]
[Round "09"]
[TimeControl "180+2"]
[Date "2023.04.11"]
[WhiteClock "0:00:27"]
[BlackClock "0:00:19"]

1. e4 c6 2. d4 d5 3. f3 g6 4. Nc3 Bg7 5. Be3 dxe4 6. fxe4 Nf6 7. Nf3 O-O 8. h3 c5 9. dxc5 Qa5 10. Bd3 Nc6 11. O-O Nh5 12. Qe1 Ne5 13. Nd5 Qd8 14. Bg5 f6 15. Be3 Nxd3 16. cxd3 e6 17. Nc3 e5 18. Rd1 f5 19. exf5 gxf5 20. d4 e4 21. Bg5 Qc7 22. Nd5 Qf7 23. Ne7+ Kh8 24. Ne5 Qe8 25. Qh4 f4 26. Nxc8 Rxc8 27. Bxf4 Nxf4 28. Rxf4 Bxe5 29. dxe5 Qxe5 30. Rd7 h5 31. Rxe4 Qxc5+ 32. Kh2 Qf5 33. Ree7 Qf4+ 34. Qxf4 Rxf4 35. Rh7+ Kg8 36. Rdg7+ Kf8 37. Rxb7 Kg8 38. Rbg7+ Kf8 39. Rxa7 Kg8 40. Rag7+ Kf8 41. Rh8+ Kxg7 42. Rxc8 h4 43. Rb8 Rf1 44. a4 Ra1 45. Rb4 Kg6 46. Rxh4 1-0


[Site "https://www.chess.com"]

[Event "Titled Tuesday Blitz April 11 Early 2023"]
[White "Rendle, Thomas E"]
[Black "Siva Mahadevan"]
[WhiteFideId "408760"]
[BlackFideId "25043153"]
[WhiteElo "2428"]
[BlackElo "2249"]
[Result "0-1"]
[Round "09"]
[TimeControl "180+2"]
[Date "2023.04.11"]
[WhiteClock "0:01:02"]
[BlackClock "0:01:28"]

1. e4 c5 2. Be2 Nc6 3. f4 g6 4. Nf3 Bg7 5. O-O e6 6. d3 Nge7 7. c3 O-O 8. Na3 b6 9. Nc2 d5 10. Qe1 Ba6 11. e5 d4 12. c4 Bb7 13. a3 a5 14. Rb1 a4 15. b4 axb3 16. Rxb3 Na5 17. Rb2 Bc6 18. Qh4 Nf5 19. Qxd8 Rfxd8 20. Rxb6 Rdb8 21. Rxb8+ Rxb8 22. Bd2 Rb2 23. Bxa5 Rxc2 24. Bd1 Ra2 25. Bb6 Ne3 26. Bxc5 Rxg2+ 27. Kh1 Ra2 28. Kg1 Rg2+ 29. Kh1 Rg4 30. h3 Rg3 31. Bxd4 Nxf1 0-1


[Site "https://www.chess.com"]

[Event "Titled Tuesday Blitz April 11 Early 2023"]
[White "Dehtiarov, Roman"]
[Black "Galchenko, Matvey"]
[WhiteFideId "14186640"]
[BlackFideId "24175480"]
[WhiteElo "2189"]
[BlackElo "2423"]
[Result "0-1"]
[Round "09"]
[TimeControl "180+2"]
[Date "2023.04.11"]
[WhiteClock "0:00:40"]
[BlackClock "0:00:22"]

1. d4 Nf6 2. c4 c5 3. d5 e6 4. Nc3 exd5 5. cxd5 d6 6. e4 g6 7. Nge2 Bg7 8. Ng3 h5 9. Bd3 a6 10. a4 h4 11. Nge2 Nbd7 12. Bf4 Qe7 13. f3 Ne5 14. Bxe5 Qxe5 15. Qd2 Bh6 16. f4 Qe7 17. Bc2 Bg4 18. h3 Bxe2 19. Kxe2 O-O 20. Kf2 b5 21. Rhe1 b4 22. Nd1 Nh5 23. Kg1 Bxf4 24. Qe2 Qg5 25. Nf2 Qg3 26. Ng4 Bg5 27. Kh1 b3 28. Bd1 Rae8 29. Ra3 c4 30. Qf2 f5 31. Qxg3 Nxg3+ 32. Kh2 fxg4 33. Bf3 gxf3 0-1


[Site "https://www.chess.com"]

[Event "Titled Tuesday Blitz April 11 Early 2023"]
[White "Molina, Roberto Junio Brito"]
[Black "Orlov, Georgi"]
[WhiteFideId "2109450"]
[BlackFideId "2011271"]
[WhiteElo "2376"]
[BlackElo "2614"]
[Result "1/2-1/2"]
[Round "09"]
[TimeControl "180+2"]
[Date "2023.04.11"]
[WhiteClock "0:00:09"]
[BlackClock "0:00:12"]

1. d4 Nf6 2. Nf3 e6 3. e3 c5 4. Bd3 d5 5. c3 Nc6 6. Nbd2 Qc7 7. O-O Be7 8. dxc5 Bxc5 9. e4 Bb6 10. Qe2 O-O 11. b3 Ng4 12. Bb2 Nce5 13. Nxe5 Nxe5 14. exd5 exd5 15. c4 Ng4 16. Nf3 dxc4 17. Bxc4 Bf5 18. h3 Rfe8 19. Qd2 Ne3 20. Rfc1 Nxc4 21. Rxc4 Qe7 22. Re1 Qd7 23. Rxe8+ Rxe8 24. Qg5 Bg6 25. Bd4 f6 26. Qg3 Bf7 27. Ra4 Bxd4 28. Rxd4 Qc6 29. Qf4 Bd5 30. Nh4 g5 31. Qg3 Qe6 32. Nf3 Kh8 33. Nd2 Qe5 34. Qxe5 Rxe5 35. Kf1 Bc6 36. a4 Rd5 37. Rxd5 Bxd5 38. b4 f5 39. g3 Kg7 40. Ke2 Kf6 41. f4 h6 42. Ke3 b6 43. Kd4 Bg2 44. h4 gxh4 45. gxh4 Kg6 46. Ke5 Bh3 47. Nf3 Kh5 48. Nd4 Kxh4 49. Nxf5+ Kh5 50. Nd6 Kg6 51. f5+ Kg7 52. f6+ Kf8 53. Nb5 h5 54. Nxa7 Bd7 55. a5 bxa5 56. bxa5 h4 57. Kf4 Kf7 58. a6 Kxf6 59. Nc6 Bxc6 60. Kg4 Ke6 61. Kxh4 Kd6 62. a7 Kc5 63. a8=Q Bxa8 1/2-1/2


[Site "https://www.chess.com"]

[Event "Titled Tuesday Blitz April 11 Early 2023"]
[White "Devaev, Alexander"]
[Black "Domingo Nunez, Ruben"]
[WhiteFideId "4169395"]
[BlackFideId "22245570"]
[WhiteElo "2204"]
[BlackElo "2404"]
[Result "1/2-1/2"]
[Round "09"]
[TimeControl "180+2"]
[Date "2023.04.11"]
[WhiteClock "0:00:18"]
[BlackClock "0:00:09"]

1. d4 g6 2. c4 Bg7 3. Nf3 d6 4. h3 Nd7 5. Nc3 e5 6. d5 a5 7. e4 Nc5 8. Qc2 h5 9. g3 Bh6 10. Bxh6 Nxh6 11. h4 Ng4 12. Bh3 f5 13. Ng5 f4 14. Qe2 fxg3 15. fxg3 O-O 16. Rf1 Bd7 17. O-O-O Qe7 18. Rxf8+ Rxf8 19. Rf1 Rxf1+ 20. Bxf1 Qf6 21. Bh3 Kg7 22. Kd2 c6 23. Bxg4 Bxg4 24. Qe1 Bd7 25. Ke3 Na6 26. Qf2 Nb4 27. Qxf6+ Kxf6 28. a3 Nc2+ 29. Kd3 Nd4 30. Ke3 Nc2+ 31. Kd2 Nd4 32. Kd3 Ke7 33. b4 axb4 34. axb4 Bg4 35. dxc6 bxc6 36. b5 cxb5 37. cxb5 Kd7 38. Kc4 Kc7 39. Kd5 Bd7 40. b6+ Kxb6 41. Kxd6 Bg4 42. Kxe5 Nc6+ 43. Kf6 Kc5 44. e5 Kd4 45. Nb5+ Kc5 46. Nc7 Kd4 47. e6 Ke3 48. e7 Nxe7 49. Kxe7 Kf2 50. Kf6 Kxg3 51. Kxg6 Kxh4 52. Nd5 Kg3 53. Nf6 h4 54. Nge4+ Kf4 55. Nxg4 Kxg4 56. Kf6 Kf4 57. Nf2 Kf3 58. Nh3 Kg3 59. Ng5 Kg4 60. Kg6 Kf4 61. Kh5 Kg3 62. Kg6 Kg4 63. Kf6 Kf4 64. Kg6 h3 65. Nxh3+ 1/2-1/2


[Site "https://www.chess.com"]

[Event "Titled Tuesday Blitz April 11 Early 2023"]
[White "Rosen, Eric"]
[Black "Indjic, Aleksandar"]
[WhiteFideId "2032562"]
[BlackFideId "911925"]
[WhiteElo "2331"]
[BlackElo "2614"]
[Result "0-1"]
[Round "09"]
[TimeControl "180+2"]
[Date "2023.04.11"]
[WhiteClock "0:00:01"]
[BlackClock "0:00:12"]

1. d4 Nf6 2. Bf4 c5 3. e3 Qb6 4. Na3 cxd4 5. exd4 d6 6. Nc4 Qd8 7. Nf3 g6 8. Qe2 Be6 9. Ng5 Bxc4 10. Qxc4 d5 11. Qa4+ Nbd7 12. Bd3 Bg7 13. O-O O-O 14. Rfe1 e6 15. h3 a6 16. c3 b5 17. Qb3 Nb6 18. Nf3 Nc4 19. Re2 Ne8 20. Rae1 Ned6 21. Qd1 Ne4 22. Qc1 Ncd6 23. Ne5 Rc8 24. f3 Nf6 25. Qe3 Nc4 26. Qf2 Nd7 27. Ng4 h5 28. Nh2 b4 29. g4 bxc3 30. bxc3 Nf6 31. Bg5 Qd6 32. Qh4 Nh7 33. Bc1 Qd8 34. Qg3 h4 35. Qf2 Nd6 36. Bd2 Nb5 37. Rc1 Re8 38. f4 Nf6 39. Qxh4 Ne4 40. Qxd8 Rexd8 41. Bxe4 dxe4 42. Rxe4 Nd6 43. Ree1 Nc4 44. Be3 Nxe3 45. Rxe3 Bxd4 46. Kf2 Bxe3+ 47. Kxe3 Rc4 48. Nf3 Rdc8 49. Kd3 Rxf4 50. Ne5 Rc5 0-1


[Site "https://www.chess.com"]

[Event "Titled Tuesday Blitz April 11 Early 2023"]
[White "Rustemov, Alexander"]
[Black "Kvaloy, Aksel Bu"]
[WhiteFideId "4119002"]
[BlackFideId "1528815"]
[WhiteElo "2872"]
[BlackElo "2208"]
[Result "1-0"]
[Round "09"]
[TimeControl "180+2"]
[Date "2023.04.11"]
[WhiteClock "0:00:23"]
[BlackClock "0:00:10"]

1. d4 Nf6 2. c4 e6 3. Nf3 d5 4. Nc3 Bb4 5. Bg5 h6 6. Bxf6 Qxf6 7. e3 O-O 8. Qb3 c5 9. cxd5 exd5 10. dxc5 Nc6 11. O-O-O Bxc3 12. Qxc3 Qxc3+ 13. bxc3 Be6 14. Nd4 Rfc8 15. Nb3 b6 16. cxb6 axb6 17. Kb2 Na5 18. Rd4 Ra7 19. Bb5 Nc4+ 20. Bxc4 dxc4 21. Nc1 Rc5 22. Rhd1 Kf8 23. R1d2 Ke7 24. f3 Rb5+ 25. Ka1 Ra3 26. Ne2 Rba5 27. Rb2 b5 28. Kb1 g5 29. Rdd2 f5 30. Nd4 Ra8 31. Nxb5 R3a5 32. Nd4 R8a6 33. Rb7+ Kf6 34. Rdb2 Re5 35. R7b6 Raa5 36. Rxe6+ Rxe6 37. Nxe6 Kxe6 38. Rb6+ Ke5 39. Rxh6 Rd5 40. Kc2 Rd3 41. f4+ Kd5 42. fxg5 Rxe3 43. Kd2 Rd3+ 44. Ke2 Rxc3 45. Rh8 Ke5 46. Re8+ Kf4 47. g6 Rc2+ 48. Kf1 Rc1+ 49. Re1 Rc2 50. g7 c3 51. g8=Q Rd2 52. Qg3# 1-0


[Site "https://www.chess.com"]

[Event "Titled Tuesday Blitz April 11 Early 2023"]
[White "Chernobay, Artem"]
[Black "Bacrot, Etienne"]
[WhiteFideId "4167406"]
[BlackFideId "605506"]
[WhiteElo "2474"]
[BlackElo "2663"]
[Result "1-0"]
[Round "09"]
[TimeControl "180+2"]
[Date "2023.04.11"]
[WhiteClock "0:00:04"]
[BlackClock "0:00:01"]

1. e4 c5 2. Nf3 d6 3. d4 cxd4 4. Nxd4 Nf6 5. Nc3 Nc6 6. Bg5 e6 7. Qd2 a6 8. O-O-O Bd7 9. f3 Nxd4 10. Qxd4 Be7 11. h4 b5 12. a3 Rc8 13. g4 Qc7 14. Be3 O-O 15. h5 e5 16. Qd2 Be6 17. g5 Nd7 18. g6 Nf6 19. h6 fxg6 20. hxg7 Rf7 21. Bh3 Qd7 22. Bxe6 Qxe6 23. Bh6 Ne8 24. Nd5 Bf6 25. Rh2 Bxg7 26. Rdh1 Nf6 27. Bxg7 Rxg7 28. Nxf6+ Qxf6 29. Rh3 Qe6 30. Kb1 Rf8 31. Qc3 Qc4 32. Qa5 Qc6 33. Qd2 Rgf7 34. Rh6 Rc8 35. Qh2 Rg7 36. Rxh7 1-0


[Site "https://www.chess.com"]